 Dungeon Crawl Stone Soup version 0.23.1 (webtiles) character file.

Game seed: 11010781567515200529

56 Kroll the Firebug (level 3, -3/24 HPs)
             Began as a Demonspawn Fire Elementalist on Mar 12, 2019.
             Slain by a worm (7 damage)
             ... on level 2 of the Dungeon.
             The game lasted 00:21:38 (1579 turns).

Kroll the Firebug (Demonspawn Fire Elementalist)    Turns: 1579, Time: 00:21:39

Health: -3/24      AC:  6    Str:  8    XL:     3   Next: 69%
Magic:  1/6        EV: 12    Int: 17    God:
Gold:   45         SH:  0    Dex: 13    Spells: 5/6 levels left

rFire    . . .     SeeInvis .   e - +0 whip
rCold    . . .     Gourm    .   (no shield)
rNeg     . . .     Faith    .   f - +0 leather armour
rPois    .         Spirit   .   (no helmet)
rElec    .         Reflect  .   a - +0 cloak
rCorr    .         Harm     +   (no gloves)
MR       .....     Rnd*Tele +   (no boots)
Stlth    ++........             r - amulet of harm
HPRegen  0.08/turn              l - ring of teleportation (curse)
MPRegen  0.10/turn              (no ring)

@: no status effects
A: claws 1, thin metallic scales 1
a: no special abilities


You were on level 2 of the Dungeon.
You were not hungry.

You visited 1 branch of the dungeon, and saw 2 of its levels.

You collected 45 gold pieces.

Inventory:

Hand Weapons
 e - a +0 whip (weapon)
Missiles
 h - 79 stones (quivered)
 o - 7 tomahawks
 p - 16 arrows
Armour
 a - a +0 cloak (worn)
 f - a +0 leather armour (worn)
Jewellery
 l - a cursed ring of teleportation (left claw)
 r - an amulet of harm (around neck)
Wands
 q - a wand of iceblast (12)
Scrolls
 b - a scroll of teleportation {unknown}
 d - a scroll of enchant armour {unknown}
 g - a scroll of magic mapping {unknown}
Potions
 i - 3 potions of haste {unknown}
 j - a potion of lignification {unknown}
 k - 2 potions of flight {unknown}
 m - 2 potions of heal wounds {unknown}
Comestibles
 c - 2 rations


   Skills:
 + Level 0.2 Fighting
 - Level 0.1 Maces & Flails
 + Level 0.8 Armour
 + Level 2.0 Dodging
 + Level 2.3 Stealth
 + Level 2.3 Spellcasting
 + Level 1.8 Conjurations
 + Level 3.0 Fire Magic


You had 5 spell levels left.
You knew the following spells:

 Your Spells              Type           Power        Failure   Level  Hunger
a - Flame Tongue          Conj/Fire      ##...        10%         1    #......

Your spell library contained the following spells:

 Spells                   Type           Power        Failure   Level  Hunger
 Throw Flame              Conj/Fire      ##....       14%         2    ##.....
 Conjure Flame            Conj/Fire      ##......     28%         3    ###....
 Inner Flame              Hex/Fire       #.......     38%         3    ###....
 Sticky Flame             Conj/Fire      ##......     67%         4    #####..
 Fireball                 Conj/Fire      ##........   95%         5    ######.


Dungeon Overview and Level Annotations

Branches:
Dungeon (2/15)

Altars:
Xom
Zin


Innate Abilities, Weirdness & Mutations

You have sharp fingernails.
You are partially covered in thin metallic scales. (AC +2)


Message History

The worm closely misses you.
You barely miss the worm.
The worm is heavily wounded.
The worm bites you!
Ouch! That really hurt!
You barely miss the worm.
The worm is moderately wounded.
You hit the worm but do no damage.
The worm is moderately wounded.
The worm bites you but does no damage.
You barely miss the worm.
The worm is moderately wounded.
The worm bites you!
* * * LOW HITPOINT WARNING * * *
You hit the worm but do no damage.
The worm is moderately wounded.
You hit the worm.
The worm is moderately wounded.
The worm bites you.
You die...

..... #.####.###.##.#.##.....#...
.................)..#.##.....####
.......[.###.##..####.##.....# #
#####....# #..........###.#### #
#....######.......# #.. .
#....#............###.#
#....#..............#.# #
#..............#.# #
#......@######.).# #
#####..#w....##÷.## #
#..#.)...#)#÷.# ###
###..#.....#..#.# #..
#....#...).#..#.# #.#
#.#..#.....#..#.. #.#
#.##.#######[.#...##.#
#.##..#.....#.#...##.#
#......#.....##...##.#


You could see a worm.

Vanquished Creatures
  2 adders (D:2)
  A dart slug (D:2)
  4 giant cockroaches
  7 goblins
  3 hobgoblins
  3 bats
  6 frilled lizards
  6 kobolds (D:1)
  6 rats
38 creatures vanquished.

Vanquished Creatures (others)
  A goblin (D:2)
1 creature vanquished.

Grand Total: 39 creatures vanquished

Notes
Turn   | Place    | Note
-------+----------+-------------------------------------------
     0 | D:1      | Kroll the Demonspawn Fire Elementalist began the quest for
                  | the Orb.
     0 | D:1      | Reached XP level 1. HP: 13/13 MP: 3/3
   320 | D:1      | Gained mutation: You are partially covered in thin metallic
                  | scales. (AC +2) [demonic ancestry]
   320 | D:1      | Reached XP level 2. HP: 19/19 MP: 3/5
  1090 | D:2      | Found a glowing silver altar of Zin.
  1229 | D:2      | Gained mutation: You have sharp fingernails. [demonic
                  | ancestry]
  1229 | D:2      | Reached XP level 3. HP: 24/24 MP: 3/6
  1294 | D:2      | Noticed an angel
  1295 | D:2      | Found a shimmering altar of Xom.
  1416 | D:2      | Reached skill level 3 in Fire Magic
  1579 | D:2      | Slain by a worm

Skill      XL: |  1  2  3 |
---------------+----------+-----
Dodging        | 2 |  2.0
Stealth        | 2 |  2.3
Fire Magic     | 3 |  3.0
Fighting       | |  0.2
Maces & Flails | |  0.1
Armour         | |  0.8
Spellcasting   | |  2.3
Conjurations   | |  1.8

Action                   || total
-------------------------++-------
Melee: Whip              ||    26
Throw: Stone             ||     1
 Cast: Flame Tongue      ||    60
  Eat: Chunk             ||     3
Armor: Leather armour    ||     7
Dodge: Dodged            ||    24
